 Dungeon Crawl Stone Soup version 0.28-a0-1233-g92def6ad0a (webtiles) character file.

Game seed: 10939192216531155852

6298 Grim the Fighter (level 11, -7/85 HPs)
             Began as a Djinni Ice Elementalist on Dec 23, 2021.
             Was an Initiate of Makhleb.
             Mangled by a white ugly thing (42 damage)
             ... on level 9 of the Dungeon.
             The game lasted 00:35:54 (12292 turns).

Grim the Fighter (Djinni Ice Elementalist)         Turns: 12292, Time: 00:35:54

Health: -7/85      AC:  4    Str:  7    XL:     11   Next: 16%
Gold:   599        EV: 19    Int: 21    God:    Makhleb [......] SH:  0 Dex: 14

rFire   + + .      SeeInvis .   (no weapon)
rCold   x . .      Faith    .   (no shield)
rNeg    . . .      Spirit   .   a - +0 robe
rPois   ∞          Reflect  .   z - +0 hat
rElec   .          Harm     .   b - +0 cloak
rCorr   .          Rampage  .   o - +0 pair of gloves
Will    ++...                   (boots unavailable)
Stlth   ++........              C - amulet of the acrobat
HPRegen 0.24/turn               i - ring of willpower
MPRegen 0.00/turn               p - +4 ring of evasion

@: freezing walls, flying
A: sickness immunity, fire resistance 2, cold vulnerability 1, float, innate
caster, hp casting, extra vitality 1
a: Renounce Religion


You were on level 9 of the Dungeon.
You worshipped Makhleb.
Makhleb was noncommittal.
You visited 2 branches of the dungeon, and saw 10 of its levels.
You also visited: Bailey.

You collected 599 gold pieces.

Inventory:

Hand Weapons
 I - the +5 halberd "Vewiurgho" {vorpal, Fragile Str+2 Int+10}
   (You found it on level 8 of the Dungeon)

   It inflicts extra damage upon your enemies.
   Str:       It affects your strength (+2).
   Int:       It affects your intelligence (+10).
   Fragile:   It will be destroyed if unequipped.
Armour
 a - a +0 robe (worn)
 b - a +0 cloak (worn)
 o - a +0 pair of gloves (worn)
 z - a +0 hat (worn)
Jewellery
 i - a ring of willpower (left hand)
 p - a +4 ring of evasion (right hand)
 C - an amulet of the acrobat (around neck)
 H - a +4 ring of protection
 J - a ring of protection from cold
Wands
 q - a wand of iceblast (24)
 u - a wand of mindburst (10)
 y - a wand of flame (45)
 E - a wand of polymorph (3)
Scrolls
 c - 2 scrolls of brand weapon {unknown}
 d - 6 scrolls of identify {unknown}
 f - 3 scrolls of magic mapping {unknown}
 g - 3 scrolls of teleportation {unknown}
 h - a scroll of fear {unknown}
 j - 3 scrolls of amnesia {unknown}
 l - 2 scrolls of vulnerability {unknown}
 m - 2 scrolls of noise {unknown}
 w - a scroll of summoning {unknown}
 x - a scroll of enchant armour {unknown}
 D - a scroll of blinking {unknown}
 G - a scroll of holy word {unknown}
Potions
 e - a potion of brilliance {unknown}
 k - 2 potions of curing {unknown}
 n - a potion of resistance
 r - 2 potions of invisibility
 s - a potion of lignification {unknown}
 t - a potion of heal wounds {unknown}
 v - a potion of cancellation {unknown}
 A - a potion of magic {unknown}
 B - a potion of flight {unknown}
 F - a potion of degeneration {unknown}
Miscellaneous
 K - a tin of tremorstones (2/2)


   Skills:
 * Level 10.3 Fighting
 - Level 8.0 Dodging
 - Level 1.8 Stealth
 + Level 7.9 Spellcasting
 * Level 4.3 Invocations


You couldn't memorise any spells.
You knew the following spells:

 Your Spells              Type           Power      Damage    Failure   Level
a - Freeze                Ice            100%       1d11      1%          1
b - Frozen Ramparts       Ice            82%        1d10      1%          3
c - Ozocubu's Armour      Ice            41%        N/A       1%          3
d - Hailstorm             Conj/Ice       41%        3d10      3%          4
e - Shock                 Conj/Air       100%       1d9       1%          1
f - Corpse Rot            Necr/Air       82%        N/A       1%          2
g - Gell's Gravitas       Tloc           41%        N/A       1%          3
h - Summon Ice Beast      Ice/Summ       41%        N/A       3%          4
i - Passage of Golubria   Tloc           41%        N/A       3%          4
Your spell library was empty.

Dungeon Overview and Level Annotations

Branches:
Dungeon (9/15)             Temple (1/1) D:7          Bailey (visited)
   Lair: D:8-11         Orc: D:9-12

Altars:
Ashenzari
Cheibriados
Dithmenos
Elyvilon
Fedhas
Gozag
Hepliaklqana
Kikubaaqudgha
Makhleb
Nemelex Xobeh
Okawaru
Qazlal
Ru
Sif Muna
Trog
Uskayaw
Vehumet
Wu Jian
Xom
Yredelemnul
Zin
The Shining One

Shops:
D:6 *

Annotations:
D:3 2 transporters, Trafficcone's ghost, amateur TeCj
D:7 3 runed translucent doors, sbaton's ghost, novice GrFi


Innate Abilities, Weirdness & Mutations

You are immune to sickness and miasma.
You are immune to poison.
Your flesh is very heat resistant. (rF++)
You are vulnerable to cold. (rC-)
You float through the air rather than walking.
You learn spells naturally, not from books.
Your magical power is your life essence.
You have superior vitality. (+4 MHP)


Message History

Aiming: Gell's Gravitas (safe; 1% risk of failure)
Press: ? - help, Dir - move target, f - white ugly thing
Aim: a white ugly thing (heavily wounded) Gravity reorients around the white ugly thing.
The centaur collides with the white ugly thing!
The white ugly thing is severely wounded.
The centaur is moderately wounded.
The orc warrior collides with the wraith!
The orc warrior is lightly wounded.
The killer bee collides with the wraith!
The wraith is heavily damaged.
The killer bee is moderately wounded.
The wall freezes the centaur.
The wraith resists.
The wall freezes the wraith.
The wall freezes the killer bee.
The white ugly thing resists.
The wall freezes the white ugly thing.
The white ugly thing barely misses you.
Casting: Gell's Gravitas (safe; 1% risk of failure)
Confirm with . or Enter, or press ? or * to list all spells.
Casting: Hailstorm (dangerous; 3% risk of failure)
Press: ? - help, Dir - look around, f - activate A cannonade of hail descends around you!
The hail pelts the wraith.
The wraith partially resists.
The wraith is severely damaged.
The hail pelts the centaur!!
You kill the centaur!
Makhleb accepts your kill.
The hail pelts the killer bee!
You kill the killer bee!
Makhleb accepts your kill.
The hail pelts the orc warrior!!
The orc warrior is almost dead.
The hail pelts the hornet!
The hornet is heavily wounded.
* * * LOW HITPOINT WARNING * * *
The wraith resists.
The wall freezes the wraith.
The wall freezes the hornet!
A cyclops comes into view.
The white ugly thing resists.
The wall freezes the white ugly thing.
The white ugly thing pecks you!
* * * LOW HITPOINT WARNING * * *
The white ugly thing freezes you!!!
You feel a terrible chill!
You die... ... ## #.# ## .##:##C #.....# .)o.. †Wy

#u# #... ## #@# ##
#...# ♣.♣ ♣.♣ ♣.♣ #...#
♣.♣ ♣.♣ ♣.♣ #...#
♣.♣♣.♣♣.♣ ####...#
♣.♣.♣.♣ #......# ♣...♣
#......#######...#####
#...........).........
.#......#....)......###


You could see a white ugly thing, a cyclops, a hornet, a wraith and an orc
warrior.

Vanquished Creatures
  Pikel (D:6)
  An orc knight (Bailey)
  2 cyclopes
  A komodo dragon (D:8)
  A hornet (D:7)
  A wyvern (D:9)
  2 steam dragons
  6 orc warriors
  A black bear (D:5)
  2 sky beasts
  A necrophage (D:8)
  An ogre (D:5)
  5 centaurs
  A lemure (D:6)
  2 phantoms
  3 bullfrogs
  A kobold brigand (D:9)
  7 scorpions
  A water moccasin skeleton (D:5)
  A wyvern skeleton (D:6)
  A wight (D:9)
  2 killer bees
  A howler monkey (D:5)
  2 centaur zombies (D:9)
  5 jellies
  2 bullfrog zombies
  5 hounds
  4 orc priests
  2 bullfrog skeletons (D:7)
  Terence (D:2)
  Natasha (thrice) (D:3)
  3 iguanas
  8 orc wizards
  A hound skeleton (D:5)
  Robin (D:3)
  A gnoll (D:5)
  7 adders
  A shadow imp (D:5)
  A howler monkey simulacrum (D:9)
  A white imp (D:6)
  An adder skeleton (D:4)
  3 dart slugs
  37 orcs
  7 endoplasms
  6 giant cockroaches
  16 goblins
  10 hobgoblins
  2 jackals (D:3)
  4 kobolds
  4 quokkas
  7 ball pythons
  4 bats (D:1)
  5 frilled lizards
  6 rats
205 creatures vanquished.

Vanquished Creatures (collateral kills)
  A black bear (D:6)
  A centaur (D:7)
  A bullfrog zombie (D:6)
  A killer bee zombie (D:7)
  An orc (Bailey)
5 creatures vanquished.

Vanquished Creatures (others)
  3 fungi
  7 plants
10 creatures vanquished.

Grand Total: 220 creatures vanquished

Notes
Turn   | Place    | Note
-------+----------+-------------------------------------------
     0 | D:1      | Grim the Djinni Ice Elementalist began the quest for the
                  | Orb.
     0 | D:1      | Reached XP level 1. HP: 15/15 MP: 0/0
   175 | D:1      | Reached XP level 2. HP: 20/21 MP: 0/0
   884 | D:1      | Reached XP level 3. HP: 22/25 MP: 0/0
   884 | D:1      | Learned a level 1 spell: Shock
  1644 | D:2      | Noticed Terence
  1649 | D:2      | Killed Terence
  1650 | D:2      | Reached XP level 4. HP: 25/31 MP: 0/0
  1816 | D:2      | Reached skill level 1 in Fighting
  1989 | D:3      | Noticed Natasha
  1997 | D:3      | Killed Natasha
  1998 | D:3      | Reached XP level 5. HP: 17/37 MP: 0/0
  1998 | D:3      | Learned a level 2 spell: Corpse Rot
  2201 | D:3      | Noticed Natasha
  2211 | D:3      | Killed Natasha
  2425 | D:3      | Found a basalt altar of Yredelemnul.
  2427 | D:3      | Found a shadowy altar of Dithmenos.
  2503 | D:3      | Found a transporter.
  2505 | D:3      | Noticed Trafficcone's ghost (amateur TeCj)
  2540 | D:3      | Noticed Robin
  2549 | D:3      | Killed Robin
  2592 | D:3      | Reached skill level 2 in Fighting
  2592 | D:3      | Reached XP level 6. HP: 21/43 MP: 0/0
  2976 | D:3      | Noticed Natasha
  3009 | D:3      | Killed Natasha
  3294 | D:3      | Found a faded altar of an unknown god.
  3382 | D:3      | Found a transporter.
  3807 | D:4      | Noticed a steam dragon
  3825 | D:4      | Killed a steam dragon
  3826 | D:4      | Reached skill level 5 in Spellcasting
  3826 | D:4      | Reached XP level 7. HP: 36/49 MP: 0/0
  3826 | D:4      | Learned a level 3 spell: Gell's Gravitas
  4074 | D:4      | Reached skill level 3 in Fighting
  5020 | D:5      | Entered Level 5 of the Dungeon
  5221 | D:5      | Found a stormy altar of Qazlal.
  5431 | D:5      | Reached XP level 8. HP: 49/58 MP: 0/0
  5527 | D:5      | Reached skill level 4 in Fighting
  5678 | D:5      | Reached skill level 5 in Dodging
  6087 | D:5      | Reached skill level 5 in Fighting
  6682 | D:6      | Reached skill level 6 in Fighting
  6682 | D:6      | Reached XP level 9. HP: 53/66 MP: 0/0
  6682 | D:6      | Learned a level 4 spell: Summon Ice Beast
  7182 | D:6      | Found Leplain's Assorted Antiques.
  7380 | D:6      | Reached skill level 7 in Fighting
  7504 | D:6      | Found a glowing golden altar of the Shining One.
  7540 | D:6      | Found a white marble altar of Elyvilon.
  7606 | D:6      | Noticed Pikel
  7619 | D:6      | Killed Pikel
  7641 | D:6      | Reached skill level 8 in Fighting
  8013 | D:6      | Reached XP level 10. HP: 61/76 MP: 0/0
  8742 | D:7      | Found a runed translucent gate.
  8743 | D:7      | Found a runed translucent gate.
  8743 | D:7      | Noticed sbaton's ghost (novice GrFi)
  8744 | D:7      | Found a runed translucent gate.
  8745 | D:7      | Noticed a kobold demonologist
  8858 | D:7      | Found a staircase to the Ecumenical Temple.
  8884 | Temple   | Entered the Ecumenical Temple
  8982 | Temple   | Became a worshipper of Makhleb the Destroyer
  9105 | D:7      | Noticed a cyclops
  9123 | D:7      | Killed a cyclops
  9337 | D:7      | Reached skill level 9 in Fighting
  9594 | D:8      | Noticed a komodo dragon
  9914 | D:8      | Found a flagged portal.
  9917 | D:8      | Identified the +5 halberd "Vewiurgho" {vorpal, Fragile
                  | Str+2 Int+10}
  9921 | Bailey   | Entered a bailey
 10312 | Bailey   | Reached skill level 1 in Invocations
 10416 | Bailey   | Found the +18 shield of the Gong {rElec rN+ Will+ EV-5}
 10424 | Bailey   | Noticed an orc knight
 10445 | Bailey   | Killed an orc knight
 10878 | D:8      | Found a shimmering altar of Xom.
 10880 | D:8      | Found a shimmering altar of Xom.
 10882 | D:8      | Found a shimmering altar of Xom.
 10882 | D:8      | Found a shimmering altar of Xom.
 10883 | D:8      | Found a shimmering altar of Xom.
 10886 | D:8      | Found a shimmering altar of Xom.
 10886 | D:8      | Found a shimmering altar of Xom.
 10986 | D:8      | Killed a komodo dragon
 11492 | D:9      | Noticed a cyclops
 11499 | D:9      | Reached XP level 11. HP: 19/85 MP: 0/0
 11499 | D:9      | Learned a level 4 spell: Passage of Golubria
 11807 | D:9      | Killed a cyclops
 11808 | D:9      | Reached skill level 10 in Fighting
 12287 | D:9      | Noticed a white ugly thing
 12292 | D:9      | Noticed a cyclops
 12292 | D:9      | Mangled by a white ugly thing

Illustrated notes

Levels and vault maps discovered:
D:1:      eino_arrival_water_cross, layout_basic
D:2:      layout_basic, uniq_terence
D:3:      layout_loops_ring, mainiacjoe_overflow_catwalk_spiral,
          shapermc_ecumenical_altar_mp_ritualfount, gammafunk_ghost_mausoleum,
          serial_bayou_pond_d, nicolae_figureground_pulse, uniq_robin,
          uniq_natasha
D:4:      cheibrodos_helix_gallery, layout_basic
D:5:      minmay_razor_zed, layout_loops_corners,
          mainiacjoe_overflow_small_starburst
D:6:      nicolae_BIG_FREAKIN_CUBE, layout_cave_pools,
          mainiacjoe_overflow_two_lobes, serial_shops, nicolae_square_shop,
          uniq_pikel
D:7:      layout_gridville, minmay_temple_entry_gardened_gates,
          gammafunk_ghost_nasty_kobolds
D:8:      layout_rooms, nicolae_xom_altar_mimics, enter_bailey_2,
          nrook_mini_backslash, lemuel_another_geyser
D:9:      nzn_winding_woodlands_small [nzn_winding_woodlands_5x15_sawtooth,
          nzn_winding_woodlands_center_pierced_h,
          nzn_winding_woodlands_5x15_sidewinder], layout_stronghold, minivault_7
Temple:   nicolae_temple_x_marks_the_god

Skill      XL: |  1  2  3  4  5  6  7  8  9 10 11 |
---------------+----------------------------------+-----
Spellcasting   | 4 5 6 7 |  7.9
Fighting       | 1 2 3 6 8 9 10 | 10.3
Dodging        | 3 4 6 7 8 |  8.0
Invocations    | 3 4 |  4.3
Stealth        | |  1.8

Action                   |  1- 3 |  4- 6 |  7- 9 | 10-12 || total
-------------------------+-------+-------+-------+-------++-------
Melee: Unarmed           |     5 |     6 |       |    18 ||    29
 Cast: Freeze            |    53 |    47 |    48 |    46 ||   194
       Frozen Ramparts   |     1 |     7 |    12 |    15 ||    35
       Ozocubu's Armour  |       |     2 |     2 |     1 ||     5
       Shock             |       |     6 |   122 |    81 ||   209
       Gell's Gravitas   |       |       |    18 |    25 ||    43
       Corpse Rot        |       |       |     5 |     1 ||     6
       Hailstorm         |       |       |     9 |    16 ||    25
       Summon Ice Beast  |       |       |     5 |     6 ||    11
  Use: Potion            |       |       |       |     1 ||     1
 Stab: Distracted        |     1 |       |       |       ||     1
Armor: Robe              |     9 |     5 |    12 |    19 ||    45
Dodge: Dodged            |    26 |    31 |    67 |   146 ||   270

Table legend: (Time is in decaauts)
 A = Elapsed time spent in this place.
 B = Non-inter-level travel time spent in this place.
 C = Inter-level travel time spent in this place.
 D = Time resting spent in this place.
 E = Time spent auto-exploring this place.
 F = Levels seen in this place.
 G = Mean time per level.
                   A        B        C        D        E       F      G
               +--------+--------+--------+--------+--------+-----+--------+
         Total |  12294 |  12052 |    242 |   4923 |   5525 |  11 | 1117.6 |
       Dungeon |  11272 |  11030 |    242 |   4425 |   5283 |   9 | 1252.4 |
        Temple |    108 |    108 |      0 |      0 |      0 |   1 |  108.0 |
        Bailey |    912 |    912 |      0 |    498 |    242 |   1 |  912.0 |
               +--------+--------+--------+--------+--------+-----+--------+

Top non-repeatable levels by time:
     D:6: 1949 daAuts
     D:5: 1617 daAuts
     D:4: 1363 daAuts
     D:3: 1318 daAuts
     D:2: 1221 daAuts
     D:1: 1116 daAuts
     D:7: 1072 daAuts
     D:8: 1002 daAuts
  Bailey: 912 daAuts
     D:9: 611 daAuts
  Temple: 108 daAuts
